 Dungeon Crawl Stone Soup version 0.16-a0-4002-g2d13b8e (webtiles) character file.

9006 achirane the Swashbuckler (level 11, -1/72 HPs)
             Began as a Vampire Assassin on Feb 14, 2015.
             Was an Elder of Dithmenos.
             Killed from afar by an orc wizard (2 damage)
             ... with a puff of frost
             ... on level 13 of the Dungeon on Feb 15, 2015.
             The game lasted 02:57:04 (18274 turns).

achirane the Swashbuckler (Vampire Assassin)       Turns: 18274, Time: 02:57:04

Health: -1/72      AC:  0    Str:  5    XL:     11   Next: 17%
Magic:  11/11      EV: 19    Int: 13    God:    Dithmenos [****..]
Gold:   337        SH:  0    Dex: 23    Spells: 0 memorised, 10 levels left

rFire  . . .     SeeInvis +     a - melded +2 dagger
rCold  + + .     Clarity  +     c - melded +0 robe
rNeg   + + +     SustAb   .     (shield currently unavailable)
rPois  ∞         Gourm    .     U - melded +1 hat
rElec  .         Spirit   .     S - melded +0 cloak (curse)
rCorr  .         Warding  .     m - melded +2 pair of gloves
rMut   .         Stasis   .     (boots currently unavailable)
MR     +....                    E - amulet of clarity
Stlth  ++++++++++               F - melded ring of wizardry
                                (ring currently unavailable)

@: bat-form, flying, bloodless, non-regenerating, wreathed by umbra, very quick,
somewhat resistant to hostile enchantments, uncannily stealthy
A: bottle blood, (fangs 0), see invisible, (unbreathing)
a: End Transformation, Shadow Step, Renounce Religion


You were on level 13 of the Dungeon.
You worshipped Dithmenos.
Dithmenos was greatly pleased with you.
You were bloodless.
You were in vampire-bat-form.
You visited 1 branch of the dungeon, and saw 13 of its levels.

You collected 337 gold pieces.

Inventory:

Hand weapons
 a - a +2 dagger (melded)
 b - a +0 blowgun
 y - a +3 hunting sling of velocity
 B - a +0 dagger of distortion
 R - a +0 short sword of speed
 X - a +1 dagger of venom
Missiles
 e - 47 poisoned needles
 f - 2 curare-tipped needles
 l - 42 stones (quivered)
 z - 6 tomahawks
Armour
 c - a +0 robe (melded)
 m - a +2 pair of gloves (melded)
 C - a +0 leather armour
 G - a +0 hat
 S - a cursed +0 cloak (melded)
 U - a +1 hat (melded)
Rods
 V - a +3 rod of clouds (13/13)
   (You found it on level 10 of the Dungeon)
Jewellery
 n - an uncursed ring of teleportation
 E - an amulet of clarity (around neck)
 F - a ring of wizardry (melded)
 O - an uncursed amulet of warding
Magical devices
 T - a wand of fireball (4)
 W - a wand of slowing (18)
Scrolls
 g - 3 scrolls of teleportation
 h - 2 scrolls of random uselessness {unknown}
 j - 2 scrolls of noise {unknown}
 o - a scroll of immolation {unknown}
 q - 3 scrolls of enchant armour
 u - a scroll of enchant weapon {unknown}
 v - 5 scrolls of remove curse
 D - a scroll of fear {unknown}
 I - a scroll of blinking {unknown}
 J - a scroll of summoning {unknown}
 L - 2 scrolls of amnesia {unknown}
 M - 2 scrolls of fog {unknown}
Potions
 d - 4 potions of degeneration {unknown}
 i - a potion of brilliance {unknown}
 k - 3 potions of lignification
 p - a potion of cure mutation {unknown}
 r - 2 potions of heal wounds
 t - 3 potions of might
 w - a potion of beneficial mutation {unknown}
 x - 2 potions of restore abilities
 A - a potion of resistance {unknown}
 H - a potion of cancellation {unknown}
 K - 3 potions of curing
 N - 2 potions of magic
 Q - 2 potions of agility {unknown}
Books
 s - a book of Battle

   Spells                             Type                      Level
   a - Infusion                       Charms                       1
   b - Shroud of Golubria             Charms/Translocation         2
   c - Song of Slaying                Charms                       2
   d - Spectral Weapon                Hexes/Charms                 3
   e - Regeneration                   Charms/Necromancy            3
 P - a book of Conjurations

   Spells                             Type                      Level
   a - Magic Dart                     Conjuration                  1
   b - Searing Ray                    Conjuration                  2
   c - Dazzling Spray                 Conjuration/Hexes            3
   d - Fulminant Prism                Conjuration/Hexes            4
   e - Iskenderun's Mystic Blast      Conjuration                  4
   f - Iskenderun's Battlesphere      Conjuration/Charms           5


   Skills:
 - Level 1.7 Fighting
 - Level 16.0 Short Blades
 - Level 1.5 Throwing
 - Level 1.1 Dodging
 + Level 13.2 Stealth


You had 10 spell levels left.
You didn't know any spells.

Dungeon Overview and Level Annotations

Branches:
Dungeon (13/15)            Temple (0/1) D:7            Lair (0/8) D:9
    Orc (0/4) D:11
 Vaults: D:13-14

Altars:
Cheibriados
Dithmenos
Makhleb
Nemelex Xobeh
Trog
The Shining One

Annotations:
D:4 Pereza0's ghost, experienced KoAs; Pikel
D:6 Grinder; Sigmund
D:10 Erolcha; Grum


Innate Abilities, Weirdness & Mutations

You do not heal naturally.
You can bottle blood from corpses.
((You have razor-sharp teeth.))
You have supernaturally acute eyesight.
((You can survive without breathing.))


Message History

Found a hardcover book.
An orc comes into view. It is wielding a dagger of venom.
Found a scroll of teleportation.
Found a leather armour. 2 orcs and an orc priest come into view.
Found 12 gold pieces.
An orc wizard comes into view. It is wielding a dagger.
The orc wizard shouts!
An orc comes into view.
The orc wizard casts a spell.
The orc wizard seems to speed up.
The orc priest shouts!
You see here 12 gold pieces.
Found a stone staircase leading up.
A centaur and a zombie come into view.
A centaur warrior comes into view.
Found an escape hatch in the floor.
The orc wizard gestures at you while chanting.
The puff of frost hits you! You resist.
You die...

#$..# ..
##...####...
#..o........
#...........
###....####
#.F..#
###....#
#......#
#...bZ.#
#............
#...<.......
#...........
#.c.........
#c.........
#.........
#..>..... ...


You could see a centaur warrior (sleeping), a giant frog, a centaur (sleeping),
an orc wizard and a centaur zombie.

Vanquished Creatures
  2 hill giants
  2 manticores
  A komodo dragon (D:12)
  A centaur skeleton (D:10)
  4 slime creatures (D:12)
  A boulder beetle (D:9)
  A shadow (D:12)
  7 yaks
  A deep elf mage (D:10)
  A wraith (D:10)
  A hippogriff (D:7)
  2 hungry ghosts
  A deep elf fighter (D:9)
  3 orc warriors
  A water moccasin (D:6)
  A sky beast (D:12)
  3 phantoms
  An eye of draining (D:10)
  A necrophage (D:9)
  2 ice beasts
  4 ogres
  3 centaurs
  3 crocodiles (D:9)
  A big kobold (D:9)
  A gnoll sergeant (D:8)
  5 giant frogs
  A brain worm (D:11)
  3 giant frog zombies
  A crimson imp (D:7)
  4 hounds
  A centaur zombie (D:11)
  A quasit (D:9)
  3 goliath beetles
  4 iguanas
  An orc priest (D:10)
  10 orc wizards
  2 giant frog skeletons
  5 worker ants
  A killer bee zombie (D:8)
  A hound skeleton (D:10)
  A river rat (D:9)
  2 worker ant zombies
  5 gnolls
  15 adders
  2 shadow imps (D:8)
  A giant mite (D:4)
  3 worms
  3 adder skeletons
  An adder zombie (D:7)
  8 giant geckos
  An ooze (D:4)
  35 orcs
  20 bats
  2 bat skeletons (D:6)
  A bat zombie (D:5)
  9 giant cockroaches
  18 goblins
  16 hobgoblins
  2 jackals (D:1)
  5 quokkas
  A ball python (D:1)
  A giant cockroach zombie (D:5)
  A giant gecko skeleton (D:4)
  A giant newt (D:2)
  12 kobolds
  A quokka skeleton (D:4)
  19 rats
278 creatures vanquished.

Vanquished Creatures (others)
  3 fungi (D:9)
  A plant (D:9)
4 creatures vanquished.

Grand Total: 282 creatures vanquished

Notes
Turn   | Place    | Note
--------------------------------------------------------------
     0 | D:1      | achirane, the Vampire Assassin, began the quest for the Orb.
     0 | D:1      | Reached XP level 1. HP: 16/16 MP: 1/1
    30 | D:1      | Reached skill level 6 in Stealth
    94 | D:1      | Reached XP level 2. HP: 19/22 MP: 2/2
   439 | D:1      | Reached skill level 7 in Stealth
   807 | D:2      | Reached XP level 3. HP: 27/27 MP: 3/3
  1138 | D:2      | Reached skill level 8 in Stealth
  1257 | D:2      | Found a snail-covered altar of Cheibriados.
  1258 | D:2      | Found a burning altar of Makhleb.
  1261 | D:2      | Found a shadowy altar of Dithmenos.
  1262 | D:2      | Found a glowing golden altar of the Shining One.
  1264 | D:2      | Became a worshipper of Dithmenos the Shadowed
  2229 | D:3      | Reached XP level 4. HP: 33/33 MP: 4/4
  2395 | D:3      | Reached skill level 9 in Stealth
  2607 | D:3      | Found a bloodstained altar of Trog.
  2690 | D:3      | Reached XP level 5. HP: 14/38 MP: 5/5
  2998 | D:3      | Found a burning altar of Makhleb.
  3003 | D:3      | Reached skill level 10 in Stealth
  3147 | D:3      | Found a sparkling altar of Nemelex Xobeh.
  3770 | D:4      | Reached XP level 6. HP: 30/44 MP: 4/6
  3810 | D:4      | Noticed Pikel
  3810 | D:4      | Noticed a slave
  3877 | D:4      | Noticed a slave
  3955 | D:4      | Noticed an ogre
  3957 | D:4      | Killed an ogre
  3957 | D:4      | Reached skill level 11 in Stealth
  4178 | D:4      | Noticed an ogre
  4179 | D:4      | Noticed Pereza0's ghost (experienced KoAs)
  4481 | D:4      | Noticed a slave
  4509 | D:4      | Noticed a slave
  4538 | D:5      | Entered Level 5 of the Dungeon
  4863 | D:5      | Acquired Dithmenos' first power
  5610 | D:6      | Reached XP level 7. HP: 49/49 MP: 7/7
  5686 | D:6      | Reached skill level 5 in Short Blades
  5697 | D:6      | Noticed Sigmund
  5748 | D:6      | Noticed a water moccasin
  5759 | D:6      | Noticed Grinder
  5798 | D:6      | Killed a water moccasin
  6169 | D:6      | Paralysed by Grinder for 5 turns
  6170 | D:6      | Noticed a hippogriff
  6425 | D:7      | Found a staircase to the Ecumenical Temple.
  6985 | D:8      | Found a flagged portal.
  7146 | D:7      | Reached XP level 8. HP: 12/55 MP: 8/8
  9198 | D:9      | Reached skill level 10 in Short Blades
  9808 | D:9      | Reached XP level 9. HP: 49/61 MP: 9/9
  9809 | D:9      | Acquired Dithmenos' second power
 10686 | D:9      | Reached skill level 12 in Short Blades
 11755 | D:9      | Noticed a cyclops
 12010 | D:9      | Found a staircase to the Lair.
 12058 | D:9      | Reached skill level 13 in Short Blades
 12360 | D:9      | Noticed a centaur warrior
 12782 | D:10     | Entered Level 10 of the Dungeon
 12817 | D:10     | Noticed a centaur skeleton
 12883 | D:10     | Killed a centaur skeleton
 13032 | D:9      | Reached XP level 10. HP: 30/67 MP: 10/10
 13342 | D:9      | Reached skill level 14 in Short Blades
 13731 | D:10     | Noticed Grum
 13790 | D:10     | Noticed a hill giant
 13878 | D:9      | Killed a hill giant
 13951 | D:10     | Found a staircase to the Lair.
 14000 | D:10     | Noticed Erolcha
 14433 | D:10     | Noticed a hill giant
 14545 | D:10     | Killed a hill giant
 14545 | D:10     | Reached skill level 15 in Short Blades
 15185 | D:11     | Acquired Dithmenos' third power
 15338 | D:12     | Noticed a hill giant
 15432 | D:11     | Found a staircase to the Orcish Mines.
 15728 | D:11     | Noticed a manticore
 15736 | D:11     | Killed a manticore
 15950 | D:11     | Noticed an unseen horror
 16930 | D:12     | Noticed a manticore
 16933 | D:12     | Killed a manticore
 16933 | D:12     | Reached skill level 16 in Short Blades
 17112 | D:12     | Reached XP level 11. HP: 72/72 MP: 11/11
 17708 | D:12     | Identified a +3 rod of clouds (13/13) (You found it on level 10 of the Dungeon)
 17792 | D:12     | Noticed a centaur warrior
 18158 | D:13     | Found a gate to the Vaults.
 18158 | D:13     | Noticed a skeletal warrior
 18158 | D:13     | Noticed a hill giant
 18227 | D:13     | Noticed a centaur warrior
 18228 | D:13     | HP: 1/72 [raven (shapeshifter) (9)]
 18272 | D:13     | Noticed a centaur warrior
 18274 | D:13     | Killed from afar by an orc wizard

Action                   |  1- 3 |  4- 6 |  7- 9 | 10-12 || total
-------------------------+-------+-------+-------+-------++-------
Melee: Dagger            |   137 |   181 |   374 |   147 ||   839
       Unarmed           |       |     8 |    69 |    14 ||    91
       Short sword       |       |       |       |    42 ||    42
 Fire: Hunting sling     |       |       |   115 |    35 ||   150
       Blowgun           |       |       |   114 |    67 ||   181
Throw: Stone             |    50 |     2 |    10 |     6 ||    68
 Abil: Bat Form          |     1 |    10 |    43 |    54 ||   108
       End Transformatio |     1 |    10 |    43 |    53 ||   107
  Use: Scroll            |       |     3 |     7 |     1 ||    11
       Potion            |       |       |       |     2 ||     2
 Stab: Sleeping          |    10 |    35 |    18 |    20 ||    83
       Distracted        |     3 |       |     9 |     3 ||    15
  Eat: Corpse            |     2 |     2 |     7 |     2 ||    13
